 Dungeon Crawl Stone Soup version 0.29.1-1-gd02db6906a (webtiles) character file.

Game seed: 23277628725023837

88 MeatBomb the Shield-Bearer (level 4, -2/45 HPs)
             Began as a Troll Fighter on Sept 20, 2022.
             Engulfed by a steam dragon's steam (9 damage)
             ... on level 3 of the Dungeon.
             The game lasted 00:09:57 (1904 turns).

MeatBomb the Shield-Bearer (Troll Fighter)          Turns: 1904, Time: 00:09:58

Health: -2/45      AC:  4    Str: 24    XL:     4   Next: 29%
Magic:  3/3        EV:  8    Int:  6    God:
Gold:   93         SH:  7    Dex:  9    Spells: 3/3 levels left

rFire   . . .      SeeInvis +     - Unarmed
rCold   . . .      Faith    .   b - +0 kite shield
rNeg    . . .      Spirit   .   a - +0 robe
rPois   .          Reflect  .   (helmet restricted)
rElec   .          Harm     .   (no cloak)
rCorr   .          Rampage  .   (gloves unavailable)
Will    .....                   (boots unavailable)
Stlth   +.........              (no amulet)
HPRegen 0.95/turn               h - ring of see invisible
MPRegen 0.08/turn               (no ring)

@: no status effects
A: large, unfitting armour, claws 3, regeneration 1, shaggy fur 1, tough skin 1
a: no special abilities


You were on level 3 of the Dungeon.
You visited 1 branch of the dungeon, and saw 3 of its levels.

You collected 93 gold pieces.

Inventory:

Missiles
 i - 9 stones (quivered)
 p - 4 curare-tipped darts
Armour
 a - a +0 robe (worn)
 b - a +0 kite shield (worn)
Jewellery
 h - a ring of see invisible (left claw)
Scrolls
 e - 2 scrolls of magic mapping
 f - a scroll of noise
 g - a scroll of identify
Potions
 c - a potion of might
 d - a potion of attraction {unknown}
 j - a potion of ambrosia {unknown}
 l - a potion of mutation {unknown}
 n - 2 potions of lignification
 q - a potion of berserk rage {unknown}


   Skills:
 + Level 3.1 Fighting
 - Level 2.4 Dodging
 + Level 3.5 Shields
 + Level 3.0 Unarmed Combat


You had 3 spell levels left.
You didn't know any spells.
Your spell library contained the following spells:

 Spells                   Type           Power      Damage    Failure   Level
 Necrotise                Necr           0%         1d4       75%         1
 Vampiric Draining        Necr           0%         2d6       98%         3
 Agony                    Necr           0%         N/A       100%        5
 Malign Gateway           Summ/Tloc      0%         N/A       100%        7
 Summon Horrible Things   Summ           0%         N/A       100%        8


Dungeon Overview and Level Annotations

Branches:
Dungeon (3/15)

Altars:
Xom


Innate Abilities, Weirdness & Mutations

You are too large for most types of armour.
You have claws for hands.
Your natural rate of healing is unusually fast.
You are covered in fur. (AC +1)
You have tough skin. (AC +1)


Message History

The floor.
There is a cloud of poison gas here.
As you read the scroll labelled OTEUPL EVEL, it crumbles to dust.
You feel strangely unstable.
It was a scroll of teleportation.
You start waiting.
Your surroundings suddenly seem different.
There is a stone staircase leading down here.
As you read the scroll labelled SYTAENKIOCK, it crumbles to dust.
A profound silence engulfs you.
It was a scroll of silence.
You climb downwards.
There is a stone staircase leading up here.
Your hearing returns.
A steam dragon comes into view.
The steam dragon hisses angrily.
The steam dragon moves out of view.
The steam dragon breathes steam at you. The ball of steam hits you!!
You start resting.
A steam dragon is nearby!
The steam dragon breathes steam at you. The ball of steam misses you.
You scratch the steam dragon but do no damage.
You are engulfed in a cloud of scalding steam.
The steam dragon barely misses you.
The steam dragon claws you but does no damage.
You scratch the steam dragon.
The steam dragon is lightly wounded.
You block the steam dragon's attack. The steam dragon claws you.
You scratch the steam dragon.
The steam dragon is lightly wounded.
The steam dragon bites you. The steam dragon claws you.
You claw the steam dragon!
The steam dragon is heavily wounded.
The steam dragon breathes steam at you. The ball of steam hits you!!
* * * LOW HITPOINT WARNING * * *
You barely miss the steam dragon.
The steam dragon is heavily wounded.
You are engulfed in a cloud of scalding steam.
You die...

####...##.#######
##.###.# ##....#
#.#### #.# #.#
#.##########.#
#........D§#.#
#..§#######@#.#
#..D #.#.# ..#.
#.#.# # # #...#
#.### #.# #.# ..#
###


You could see a steam dragon (catching breath).

Vanquished Creatures
  Terence (D:2)
  3 adders (D:2)
  A worm (D:2)
  A dart slug (D:1)
  4 bats
  4 endoplasms
  2 giant cockroaches
  2 goblins (D:2)
  5 hobgoblins (D:1)
  A ball python (D:2)
  2 frilled lizards
  4 kobolds (D:2)
  3 rats
33 creatures vanquished.

Notes
Turn   | Place    | Note
-------+----------+-------------------------------------------
     0 | D:1      | MeatBomb the Troll Fighter began the quest for the Orb.
     0 | D:1      | Reached XP level 1. HP: 22/22 MP: 0/0
   282 | D:1      | Reached XP level 2. HP: 29/29 MP: 1/1
   530 | D:1      | Found a faded altar of an unknown god.
   901 | D:2      | Noticed Terence
   909 | D:2      | HP: 1/29 [Terence/+2 hand axe of freezing (4)]
   913 | D:2      | Killed Terence
   914 | D:2      | Reached XP level 3. HP: 6/36 MP: 2/2
   992 | D:2      | Found a shimmering altar of Xom.
  1245 | D:2      | Reached XP level 4. HP: 45/45 MP: 3/3
  1889 | D:3      | Noticed a steam dragon
  1904 | D:3      | Engulfed by a steam dragon's steam

Illustrated notes

Levels and vault maps discovered:
D:1:      dpeg_arrival_houses_and_road, layout_basic, basic_ecumenical_altar
D:2:      layout_loops_corners, basic_altar, uniq_terence
D:3:      layout_loops_corners, mainiacjoe_overflow_alcove_1,
          kiku_gazebo_garden_becter, serial_shops, nicolae_shop_waterfront,
          serial_bayou_pond_a

Skill      XL: |  1  2  3  4 |
---------------+-------------+-----
Shields        | 3 |  3.5
Fighting       | 3 |  3.1
Unarmed Combat | 3 |  3.0
Dodging        | |  2.4

Action                   |  1- 3 |  4- 6 || total
-------------------------+-------+-------++-------
Melee: Unarmed           |    59 |    24 ||    83
Throw: Stone             |     7 |     4 ||    11
  Use: Potion            |     1 |       ||     1
       Scroll            |       |     7 ||     7
Armor: Robe              |    16 |     3 ||    19
Dodge: Dodged            |    18 |     6 ||    24
Block: Kite shield       |    16 |     6 ||    22
